PAA
MYRTLE BEACH MERMEN @ RICHLAND RAILS
09/12/2022
 
TOP OF THE 1ST
Myrtle Beach Mermen batting - Pitching for Richland Rails : RHP Kozue Koga
Pitching: RHP Kozue Koga
Batting: RHB Matt Love 0-0: Ball
1-0: Ball
2-0: Ball
3-0: Base on Balls
Batting: LHB Arturo Acevedo 0-0: Called Strike
0-1: Foul Ball, location: 2F
0-2: Fly out, F7 (Flyball, 7S)
Batting: RHB Álex Rodríguez 0-0: Ground out 4-3 (Groundball, 4M)
Matt Love to second
Batting: RHB Alfredo López 0-0: Foul Ball, location: 2F
0-1: Ball
1-1: Foul Ball, location: 2F
1-2: Ball
2-2: SINGLE (Groundball, 6D)
Matt Love to third
Runner from 3rd tries for Home, SAFE, no throw or cutoff
Batting: LHB Joe Cashmore 0-0: Ball
1-0: Foul Ball, location: 2F
1-1: Ball
2-1: Foul Ball, location: 2F
2-2: Foul Ball, location: 2F
2-2: Foul Ball, location: 2F
2-2: Ball
3-2: Foul Ball, location: 2F
3-2: Foul Ball, location: 2F
3-2: Base on Balls
Alfredo López to second
Batting: RHB Javier Robles 0-0: Ball
1-0: Ball
2-0: Ground out 6-3 (Groundball, 6)
Top of the 1st over - 1 run(s), 1 hit(s), 0 error(s), 2 left on base; Myrtle Beach 1 - Richland 0
BOTTOM OF THE 1ST
Richland Rails batting - Pitching for Myrtle Beach Mermen : RHP Plinio Pedrulho
Pitching: RHP Plinio Pedrulho
Batting: RHB Ramón Cruz 0-0: Ground out 4-3 (Groundball, 4)
Batting: SHB Jasper Otto 0-0: Ball
1-0: Ball
2-0: Called Strike
2-1: Ball
3-1: SINGLE (Line Drive, 89S)
Batting: RHB Brent Ryan 0-0: Ball
1-0: Foul Ball, location: 2F
1-1: Fielders Choice at 2nd, 3-6 (Groundball, 3)
Batting: RHB Jack Davis 0-0: Ball
1-0: Foul Ball, location: 2F
1-1: Foul Ball, location: 2F
1-2: Ball
Brent Ryan steals 2nd base
2-2: 2-RUN HOME RUN (Flyball, 7D), Distance : 369 ft
Batting: RHB Andrew Hall 0-0: Ball
1-0: Foul Ball, location: 2F
1-1: Ball
2-1: Foul Ball, location: 2F
2-2: Ball
3-2: Foul Ball, location: 2F
3-2: Foul Ball, location: 2F
3-2: Foul Ball, location: 2F
3-2: Foul Ball, location: 2F
3-2: Fly out, F8 (Flyball, 8RXD)
Bottom of the 1st over - 2 run(s), 2 hit(s), 0 error(s), 0 left on base; Myrtle Beach 1 - Richland 2
TOP OF THE 2ND
Myrtle Beach Mermen batting - Pitching for Richland Rails : RHP Kozue Koga
Batting: SHB Val Brown 0-0: Swinging Strike
0-1: Ball
1-1: Ground out 4-3 (Groundball, 4)
Batting: SHB Avery Little 0-0: Ball
1-0: Ball
2-0: Called Strike
2-1: Foul Ball, location: 2F
2-2: Ground out 4-3 (Groundball, 34)
Batting: RHB Jorge Reyes 0-0: Ball
1-0: Swinging Strike
1-1: Fly out, F4 (Popup, 4M)
Top of the 2nd over - 0 run(s), 0 hit(s), 0 error(s), 0 left on base; Myrtle Beach 1 - Richland 2
BOTTOM OF THE 2ND
Richland Rails batting - Pitching for Myrtle Beach Mermen : RHP Plinio Pedrulho
Batting: RHB Larry Brown 0-0: Ball
1-0: Ball
2-0: SINGLE (Groundball, 6MD)
Batting: LHB Chris Stoltzfus 0-0: Ball
1-0: Ball
2-0: Ball
3-0: Base on Balls
Larry Brown to second
Batting: RHB Kazu Hishida 0-0: Ball
1-0: Foul Ball, location: 2F
1-1: Foul Ball, location: 2F
1-2: Ball
2-2: Strikes out swinging
Batting: RHB Júlio Hernández 0-0: Fly out, F8 (Flyball, 8LM)
Batting: RHB Ramón Cruz 0-0: Foul Ball, location: 2F
0-1: Swinging Strike
0-2: Ball
1-2: Foul Ball, location: 2F
1-2: Ball
2-2: Ball
3-2: Fly out, F8 (Flyball, 8RM)
Bottom of the 2nd over - 0 run(s), 1 hit(s), 0 error(s), 2 left on base; Myrtle Beach 1 - Richland 2
TOP OF THE 3RD
Myrtle Beach Mermen batting - Pitching for Richland Rails : RHP Kozue Koga
Batting: RHB Matt Love 0-0: Ball
1-0: Swinging Strike
1-1: Foul Ball, location: 2F
1-2: Foul Ball, location: 2F
1-2: Ball
2-2: SINGLE (Groundball, 56D)
Batting: LHB Arturo Acevedo 0-0: Called Strike
0-1: Swinging Strike
0-2: Strikes out looking
Batting: RHB Álex Rodríguez 0-0: Ball
1-0: Ball
2-0: Ball
3-0: Called Strike
3-1: Called Strike
3-2: Foul Ball, location: 2F
3-2: Ground out 6-3 (Groundball, 6S)
Matt Love to second
Batting: RHB Alfredo López 0-0: Ball
1-0: Ball
2-0: Called Strike
2-1: Ball
3-1: Foul Ball, location: 2F
3-2: Base on Balls
Batting: LHB Joe Cashmore 0-0: Ball
1-0: Ball
2-0: Called Strike
2-1: Fly out, F8 (Flyball, 8RD)
Top of the 3rd over - 0 run(s), 1 hit(s), 0 error(s), 2 left on base; Myrtle Beach 1 - Richland 2
BOTTOM OF THE 3RD
Richland Rails batting - Pitching for Myrtle Beach Mermen : RHP Plinio Pedrulho
Batting: SHB Jasper Otto 0-0: Ball
1-0: Ball
2-0: SINGLE (Groundball, 4MD) (infield hit)
Batting: RHB Brent Ryan 0-0: Foul Ball, location: 2F
0-1: DOUBLE (Flyball, 78XD)
Jasper Otto to third
Batting: RHB Jack Davis 0-0: Ball
1-0: Ball
2-0: Ball
3-0: Base on Balls
Batting: RHB Andrew Hall 0-0: Ball
1-0: Ball
2-0: Ball
Wild Pitch!
Jasper Otto scores
Brent Ryan to third
Jack Davis to second
3-0: Swinging Strike
3-1: Base on Balls
Batting: RHB Larry Brown 0-0: SINGLE (Flyball, 78M)
Brent Ryan scores
Jack Davis to third
Andrew Hall to second
Batting: LHB Chris Stoltzfus 0-0: Ball
1-0: Called Strike
1-1: Ball
2-1: Ball
3-1: Base on Balls
Jack Davis scores
Andrew Hall to third
Larry Brown to second
Batting: RHB Kazu Hishida 0-0: Fly out, F7 (Flyball, 7M)
Batting: RHB Júlio Hernández 0-0: Called Strike
0-1: Foul Ball, location: 2F
0-2: Grounds into double play, U5-3 (Groundball, 5L)
Bottom of the 3rd over - 3 run(s), 3 hit(s), 0 error(s), 2 left on base; Myrtle Beach 1 - Richland 5
TOP OF THE 4TH
Myrtle Beach Mermen batting - Pitching for Richland Rails : RHP Kozue Koga
Batting: RHB Javier Robles 0-0: Foul Ball, location: 2F
0-1: Ball
1-1: Ball
2-1: Foul Ball, location: 2F
2-2: SINGLE (Groundball, 34)
Batting: SHB Val Brown 0-0: Ball
1-0: Ball
2-0: Ball
3-0: Called Strike
3-1: Base on Balls
Javier Robles to second
Batting: SHB Avery Little 0-0: Ball
1-0: Called Strike
1-1: Called Strike
1-2: Ball
2-2: Ball
3-2: Grounds into double play, 6-4-3 (Groundball, 6M)
Javier Robles to third
Batting: RHB Jorge Reyes 0-0: Called Strike
0-1: Swinging Strike
0-2: Ball
1-2: Ground out 4-3 (Groundball, 4M)
Top of the 4th over - 0 run(s), 1 hit(s), 0 error(s), 1 left on base; Myrtle Beach 1 - Richland 5
BOTTOM OF THE 4TH
Richland Rails batting - Pitching for Myrtle Beach Mermen : RHP Plinio Pedrulho
Batting: RHB Ramón Cruz 0-0: Ball
1-0: Called Strike
1-1: Ball
2-1: Fly out, F9 (Flyball, 9M)
Batting: SHB Jasper Otto 0-0: Swinging Strike
0-1: Swinging Strike
0-2: Ball
1-2: Strikes out swinging
Batting: RHB Brent Ryan 0-0: Swinging Strike
0-1: Called Strike
0-2: Foul Ball, location: 2F
0-2: Foul Ball, location: 2F
0-2: Ball
1-2: Strikes out swinging
Bottom of the 4th over - 0 run(s), 0 hit(s), 0 error(s), 0 left on base; Myrtle Beach 1 - Richland 5
TOP OF THE 5TH
Myrtle Beach Mermen batting - Pitching for Richland Rails : RHP Kozue Koga
Pitching: RHP Sam Cobb
Batting: RHB Matt Love 0-0: Foul Ball, location: 2F
0-1: Ball
1-1: Ball
2-1: Ball
3-1: Ground out 6-3 (Groundball, 6)
Batting: LHB Arturo Acevedo 0-0: Hit by Pitch
Batting: RHB Álex Rodríguez 0-0: Ball
1-0: Grounds into double play, 5-4-3 (Groundball, 56)
Top of the 5th over - 0 run(s), 0 hit(s), 0 error(s), 0 left on base; Myrtle Beach 1 - Richland 5
BOTTOM OF THE 5TH
Richland Rails batting - Pitching for Myrtle Beach Mermen : RHP Plinio Pedrulho
Batting: RHB Jack Davis 0-0: Called Strike
0-1: Foul Ball, location: 2F
0-2: Foul Ball, location: 2F
0-2: Ground out 5-3 (Groundball, 5)
Batting: RHB Andrew Hall 0-0: Ball
1-0: Ball
2-0: Ball
3-0: Called Strike
3-1: Called Strike
3-2: Foul Ball, location: 2F
3-2: Base on Balls
Batting: RHB Larry Brown 0-0: Fly out, F9 (Line Drive, 89S)
Batting: LHB Chris Stoltzfus 0-0: Ball
1-0: Ball
2-0: SINGLE (Line Drive, 89S)
Andrew Hall to second
Runner from 2nd tries for 3rd, SAFE, throw made to third
Batting: RHB Kazu Hishida Balk!
Andrew Hall scores
Chris Stoltzfus to second
Pitching: RHP António Chávez 0-0: Fly out, F8 (Line Drive, 8LD)
Bottom of the 5th over - 1 run(s), 1 hit(s), 0 error(s), 1 left on base; Myrtle Beach 1 - Richland 6
TOP OF THE 6TH
Myrtle Beach Mermen batting - Pitching for Richland Rails : RHP Sam Cobb
Batting: RHB Alfredo López 0-0: Ball
1-0: Foul Ball, location: 2F
1-1: Swinging Strike
1-2: Ball
2-2: Strikes out swinging
Batting: LHB Joe Cashmore 0-0: Ball
1-0: Ball
2-0: Called Strike
2-1: Ball
3-1: Base on Balls
Batting: RHB Javier Robles 0-0: Ball
1-0: SINGLE (Groundball, 23) (infield hit)
Joe Cashmore to second
Batting: SHB Val Brown 0-0: Called Strike
0-1: Swinging Strike
0-2: Foul Ball, location: 2F
0-2: Ball
1-2: Ball
2-2: Strikes out looking
Batting: SHB Avery Little 0-0: Called Strike
0-1: Foul Ball, location: 2F
0-2: Strikes out looking
Top of the 6th over - 0 run(s), 1 hit(s), 0 error(s), 2 left on base; Myrtle Beach 1 - Richland 6
BOTTOM OF THE 6TH
Richland Rails batting - Pitching for Myrtle Beach Mermen : RHP António Chávez
Batting: RHB Júlio Hernández 0-0: Ground out 5-3 (Groundball, 5S)
Batting: RHB Ramón Cruz 0-0: Ball
1-0: Ground out 4-3 (Groundball, 4)
Batting: SHB Jasper Otto 0-0: Fly out, F6 (Popup, 56)
Bottom of the 6th over - 0 run(s), 0 hit(s), 0 error(s), 0 left on base; Myrtle Beach 1 - Richland 6
TOP OF THE 7TH
Myrtle Beach Mermen batting - Pitching for Richland Rails : RHP Sam Cobb
Batting: RHB Jorge Reyes 0-0: Ball
1-0: SINGLE (Line Drive, 89S)
Batting: RHB Matt Love 0-0: Ball
1-0: Foul Ball, location: 2F
1-1: Ball
2-1: Ball
3-1: Base on Balls
Jorge Reyes to second
Batting: LHB Arturo Acevedo 0-0: Ball
1-0: Ball
2-0: Ball
3-0: Called Strike
3-1: Foul Ball, location: 2F
3-2: Fielders Choice at 2nd, 1-4 (Groundball, 23)
Jorge Reyes to third
Batting: RHB Álex Rodríguez 0-0: Foul Ball, location: 2F
0-1: Ball
1-1: Ball
2-1: Foul Ball, location: 2F
2-2: Strikes out looking
Batting: RHB Alfredo López 0-0: Ball
1-0: Called Strike
1-1: Called Strike
1-2: Foul Ball, location: 2F
1-2: SINGLE (Groundball, 56)
Jorge Reyes scores
Arturo Acevedo to second
Pitching: LHP Jim Unknown
Batting: LHB Joe Cashmore 0-0: Ball
1-0: Foul Ball, location: 2F
1-1: Ball
2-1: Swinging Strike
2-2: Ball
3-2: Base on Balls
Arturo Acevedo to third
Alfredo López to second
Batting: RHB Javier Robles 0-0: Called Strike
0-1: Ball
1-1: Ball
2-1: Swinging Strike
2-2: Fly out, F3 (Popup, 3SF)
Top of the 7th over - 1 run(s), 2 hit(s), 0 error(s), 3 left on base; Myrtle Beach 2 - Richland 6
BOTTOM OF THE 7TH
Richland Rails batting - Pitching for Myrtle Beach Mermen : RHP António Chávez
Batting: RHB Brent Ryan 0-0: Ball
1-0: Ball
2-0: Called Strike
2-1: Foul Ball, location: 2F
2-2: Ball
3-2: Ground out 6-3 (Groundball, 6)
Batting: RHB Jack Davis 0-0: Foul Ball, location: 2F
0-1: Ball
1-1: Called Strike
1-2: Strikes out looking
Batting: RHB Andrew Hall 0-0: Foul Ball, location: 2F
0-1: Called Strike
0-2: Foul Ball, location: 2F
0-2: Ball
1-2: Ball
2-2: Ball
3-2: SINGLE (Line Drive, 34)
Batting: RHB Larry Brown 0-0: Ball
1-0: Ball
2-0: Fly out, F9 (Popup, 34D)
Bottom of the 7th over - 0 run(s), 1 hit(s), 0 error(s), 1 left on base; Myrtle Beach 2 - Richland 6
TOP OF THE 8TH
Myrtle Beach Mermen batting - Pitching for Richland Rails : LHP Jim Unknown
Batting: SHB Val Brown 0-0: Ball
1-0: Ball
2-0: Called Strike
2-1: Swinging Strike
2-2: Strikes out swinging
Batting: SHB Avery Little 0-0: Called Strike
0-1: Hit by Pitch
Batting: RHB Jorge Reyes 0-0: Ball
1-0: Called Strike
1-1: Swinging Strike
1-2: Foul Ball, location: 2F
1-2: Foul Ball, location: 2F
1-2: Ball
2-2: Ball
3-2: Strikes out looking
Batting: RHB Matt Love 0-0: Ball
1-0: Foul Ball, location: 2F
1-1: Ball
2-1: Foul Ball, location: 2F
2-2: Ball
3-2: Fly out, F8 (Flyball, 78M)
Top of the 8th over - 0 run(s), 0 hit(s), 0 error(s), 1 left on base; Myrtle Beach 2 - Richland 6
BOTTOM OF THE 8TH
Richland Rails batting - Pitching for Myrtle Beach Mermen : RHP António Chávez
Batting: LHB Chris Stoltzfus 0-0: Ball
1-0: Called Strike
1-1: Foul Ball, location: 2F
1-2: Ball
2-2: Ground out 4-3 (Groundball, 4)
Batting: RHB Kazu Hishida 0-0: Ground out 5-3 (Groundball, 56)
Batting: RHB Júlio Hernández 0-0: Ball
1-0: DOUBLE (Flyball, 9LS)
Batting: RHB Ramón Cruz 0-0: Called Strike
0-1: Ball
1-1: Ball
2-1: Foul Ball, location: 2F
2-2: SINGLE (Line Drive, 5D)
Júlio Hernández to third
Runner from 3rd tries for Home, throw and OUT!
Bottom of the 8th over - 0 run(s), 2 hit(s), 0 error(s), 1 left on base; Myrtle Beach 2 - Richland 6
TOP OF THE 9TH
Myrtle Beach Mermen batting - Pitching for Richland Rails : LHP Jim Unknown
Pitching: RHP Jim Unknown
Batting: LHB Arturo Acevedo 0-0: Swinging Strike
0-1: Ball
1-1: Foul Ball, location: 2F
1-2: Foul Ball, location: 2F
1-2: Foul Ball, location: 2F
1-2: Foul Ball, location: 2F
1-2: Ground out 4-3 (Groundball, 4)
Batting: RHB Álex Rodríguez 0-0: Ball
1-0: Called Strike
1-1: Swinging Strike
1-2: Foul Ball, location: 2F
1-2: SINGLE (Line Drive, 6MD)
Batting: RHB Alfredo López 0-0: SINGLE (Groundball, 6)
Álex Rodríguez to second
Batting: LHB Joe Cashmore 0-0: Ball
1-0: Ball
2-0: Called Strike
2-1: Ball
3-1: Called Strike
3-2: Base on Balls
Álex Rodríguez to third
Alfredo López to second
Batting: RHB Javier Robles 0-0: Ball
1-0: Ball
2-0: Ball
3-0: Base on Balls
Álex Rodríguez scores
Alfredo López to third
Joe Cashmore to second
Batting: SHB Val Brown 0-0: Swinging Strike
0-1: Ball
1-1: Ball
2-1: Swinging Strike
2-2: Ball
3-2: Strikes out swinging
Batting: SHB Avery Little 0-0: Fly out, F8 (Flyball, 8LS)
Top of the 9th over - 1 run(s), 2 hit(s), 0 error(s), 3 left on base; Myrtle Beach 3 - Richland 6
This league is powered by Out of the Park Baseball, the baseball management simulation game for PC, Mac and Linux
Friday, April 15th, 2016 - OOTP Baseball 16.9 Build 39